 Dungeon Crawl Stone Soup version 0.28.0-47-ge53b351184 (webtiles) character file.

Game seed: 12578834616713632884

18533 Zeld the Cleaver (level 12, -5/115 HPs)
             Began as a Minotaur Berserker on Apr 27, 2022.
             Was a High Priest of Trog.
             Slain by Snorg (17 damage)
             ... on level 12 of the Dungeon.
             The game lasted 00:11:02 (13598 turns).

Zeld the Cleaver (Minotaur Berserker)              Turns: 13598, Time: 00:11:02

Health: -5/115     AC: 20    Str: 26    XL:     12   Next: 28%
Magic:  11/11      EV: 10    Int:  4    God:    Trog [*****.]
Gold:   628        SH:  0    Dex: 11    Spells: 11/11 levels left

rFire   . . .      SeeInvis +   a - +5 war axe (venom)
rCold   . . .      Faith    .   (no shield)
rNeg    . . .      Spirit   .   b - +0 plate armour
rPois   .          Reflect  .   (helmet restricted)
rElec   .          Harm     .   w - +1 cloak {Will+}
rCorr   +          Rampage  +   (no gloves)
Will    +++..                   q - +2 pair of boots {rampage}
Stlth   ..........              (no amulet)
HPRegen 1.29/turn               g - ring of resist corrosion
MPRegen 0.12/turn               y - ring of see invisible

@: strong-willed, regenerating
A: horns 2, retaliatory headbutt
a: Renounce Religion, Berserk, Trog's Hand, Brothers in Arms


You were on level 12 of the Dungeon.
You worshipped Trog.
Trog was extremely pleased with you.
You visited 2 branches of the dungeon, and saw 13 of its levels.
You also visited: Bailey.

You collected 654 gold pieces.
You spent 26 gold pieces at shops.

Inventory:

Hand Weapons
 a - a +5 war axe of venom (weapon)
Armour
 b - a +0 plate armour (worn)
 q - a +2 pair of boots of rampaging (worn)
 w - a +1 cloak of willpower (worn)
Jewellery
 g - a ring of resist corrosion (left hand)
 s - a ring of protection from fire
 y - a ring of see invisible (right hand)
 H - a ring of magical power
Wands
 v - a wand of flame (37)
 z - a wand of mindburst (13)
 E - a wand of iceblast (10)
Scrolls
 e - 5 scrolls of summoning
 f - 3 scrolls of enchant armour
 k - a scroll of magic mapping
 m - 4 scrolls of teleportation
 p - a scroll of fear {unknown}
 t - a scroll of holy word
 A - a scroll of blinking {unknown}
 B - a scroll of enchant weapon {unknown}
 C - a scroll of acquirement {unknown}
Potions
 c - 4 potions of haste
 d - a potion of brilliance {unknown}
 h - 3 potions of attraction {unknown}
 i - 3 potions of curing {unknown}
 j - 2 potions of cancellation {unknown}
 l - 3 potions of might {unknown}
 n - 2 potions of magic {unknown}
 o - 3 potions of heal wounds
 r - a potion of experience
 u - a potion of mutation {unknown}
 D - a potion of invisibility {unknown}
 F - a potion of flight {unknown}
 G - 2 potions of degeneration {unknown}


   Skills:
 * Level 13.4 Fighting
 * Level 13.5 Axes
 + Level 9.6 Armour
 + Level 8.9 Dodging
 + Level 7.0 Stealth


You had 11 spell levels left.
You didn't know any spells.
Your spell library was empty.

Dungeon Overview and Level Annotations

Branches:
Dungeon (12/15)            Temple (1/1) D:4            Lair (0/6) D:10
    Orc (0/2) D:12         Bailey (visited)

Altars:
Ashenzari
Cheibriados
Dithmenos
Elyvilon
Fedhas
Hepliaklqana
Kikubaaqudgha
Makhleb
Nemelex Xobeh
Okawaru
Qazlal
Ru
Sif Muna
Trog
Uskayaw
Vehumet
Wu Jian
Xom
Yredelemnul
Zin
The Shining One

Shops:
D:8 *

Annotations:
D:12 Snorg


Innate Abilities, Weirdness & Mutations

You have a pair of horns on your head.
You reflexively headbutt those who attack you in melee.


Message History

Snorg is almost dead.
Snorg bites you but does no damage. Snorg claws you but does no damage.
Snorg claws you.
You closely miss Snorg.
Snorg is almost dead.
Snorg bites you! Snorg claws you! x2
* * * LOW HITPOINT WARNING * * *
You are too injured to fight recklessly!
You are too injured to fight recklessly!
Your skin crawls.
You feel strong-willed. Snorg bites you!
* * * LOW HITPOINT WARNING * * *
Snorg claws you but does no damage. Snorg claws you.
* * * LOW HITPOINT WARNING * * *
Snorg bites you but does no damage. Snorg claws you but does no damage.
Snorg claws you.
* * * LOW HITPOINT WARNING * * *
Okay, then.
You feel much better. Snorg bites you!!
* * * LOW HITPOINT WARNING * * *
Snorg claws you.
* * * LOW HITPOINT WARNING * * *
Snorg barely misses you.
Unknown command.
You feel much better. Snorg bites you but does no damage. Snorg claws you!
* * * LOW HITPOINT WARNING * * *
Snorg claws you but does no damage. Snorg bites you!
* * * LOW HITPOINT WARNING * * *
Snorg claws you but does no damage. Snorg closely misses you.
Okay, then.
Press: ? - help, v - describe, . - travel
Here: Snorg (almost dead, berserk, extremely poisoned)
The floor, spattered with blood.
You feel much better. Snorg bites you!
* * * LOW HITPOINT WARNING * * *
Snorg claws you!
* * * LOW HITPOINT WARNING * * *
Snorg claws you!
You die...

...#...# .. #...#.........#....
...#...# ....#...#.........#....
...#...# ....#...#.........#####
######## #..###########...#....
.#....# #................#....
.'....# #................#....
.#....# #..............^.#....
.##...## ..#......#######...#....
..#....# .......@.#.........#....
..#....# ......T..#.........#....
..#....# .........#.........'....
..#....# .........#.....#####..>.
###################.....#........
........................#...#####
........†...............#........
.......†................#........
........†...............#........


You could see Snorg (berserk, extremely poisoned).

Vanquished Creatures
  Gastronok (D:12)
  An orc warlord (Bailey)
  Erolcha (D:11)
  3 two-headed ogres
  Urug (D:11)
  An orc knight (Bailey)
  2 ugly things
  2 gargoyles (D:12)
  Maggie (D:6)
  An unseen horror (D:11)
  3 kobold demonologists
  7 slime creatures
  A meliai zombie (D:6)
  4 wraiths
  11 yaks (D:10)
  A vampire (D:10)
  6 humans (D:10)
  12 vampire mosquitoes
  2 steam dragons (D:8)
  An acid dragon (D:11)
  2 water moccasins
  4 orc warriors
  An ogre (D:5)
  2 necrophages (D:4)
  6 centaurs
  A phantom (D:7)
  2 bullfrogs
  2 gnoll sergeants
  A water moccasin zombie (D:4)
  2 scorpions
  3 water moccasin skeletons
  4 wights
  10 howler monkeys
  A human zombie (D:4)
  4 centaur zombies
  A jelly (D:7)
  3 orc priests
  4 hounds
  Crazy Yiuf (D:5)
  A bullfrog skeleton (D:4)
  A centaur skeleton (D:7)
  2 iguanas (D:6)
  6 orc wizards
  2 scorpion zombies (D:4)
  Ijyb (D:10)
  A hound zombie (D:4)
  A hound skeleton (D:4)
  A mummy (D:4)
  14 gnolls
  A howler monkey zombie (D:9)
  9 adders
  A howler monkey skeleton (D:6)
  A shadow imp (D:7)
  2 white imps
  3 adder skeletons (D:4)
  3 adder zombies (D:4)
  3 dart slugs
  19 orcs
  6 endoplasms
  4 giant cockroaches
  3 goblins
  6 hobgoblins
  7 jackals
  29 kobolds
  3 quokkas
  8 ball pythons
  A bat (D:1)
  3 frilled lizards
  8 rats
266 creatures vanquished.

Vanquished Creatures (others)
  4 plants (D:1)
4 creatures vanquished.

Grand Total: 270 creatures vanquished

Notes
Turn   | Place    | Note
-------+----------+-------------------------------------------
     0 | D:1      | Zeld the Minotaur Berserker began the quest for the Orb.
     0 | D:1      | Reached XP level 1. HP: 19/19 MP: 0/0
   240 | D:1      | Reached XP level 2. HP: 22/27 MP: 1/1
   527 | D:1      | Reached ** piety under Trog
   567 | D:1      | Found a faded altar of an unknown god.
   656 | D:1      | Reached XP level 3. HP: 31/33 MP: 2/2
  1547 | D:2      | You fall into a shaft and drop 1 floor!
  1547 | D:3      | Found an iron altar of Okawaru.
  1621 | D:3      | Reached skill level 1 in Stealth
  1662 | D:3      | Reached XP level 4. HP: 27/41 MP: 3/3
  2516 | D:3      | Found a white marble altar of Elyvilon.
  2575 | D:3      | Found a basalt altar of Yredelemnul.
  2812 | D:4      | Noticed a water moccasin
  2816 | D:4      | Reached XP level 5. HP: 47/47 MP: 4/4
  2819 | D:4      | Killed a water moccasin
  2820 | D:4      | Reached skill level 5 in Fighting
  2820 | D:4      | Reached skill level 5 in Axes
  2875 | D:4      | Reached XP level 6. HP: 50/56 MP: 5/5
  2920 | D:4      | Reached *** piety under Trog
  2964 | D:4      | Found a staircase to the Ecumenical Temple.
  2975 | Temple   | Entered the Ecumenical Temple
  3550 | D:4      | Found an ancient bone altar of Kikubaaqudgha.
  3625 | D:4      | Reached XP level 7. HP: 50/63 MP: 6/6
  4112 | D:5      | Entered Level 5 of the Dungeon
  4185 | D:5      | Found a shimmering altar of Xom.
  4490 | D:5      | Reached XP level 8. HP: 8/73 MP: 7/7
  5134 | D:5      | Found a runed translucent door.
  5135 | D:5      | Noticed Crazy Yiuf
  5181 | D:5      | Killed Crazy Yiuf
  5315 | D:6      | Found a hide-covered altar of Uskayaw.
  5319 | D:6      | Found a glowing silver altar of Zin.
  5451 | D:6      | Noticed Maggie
  5458 | D:6      | Killed Maggie
  5459 | D:6      | Reached skill level 5 in Armour
  5541 | D:6      | Found Abrarorr's Distillery.
  5669 | D:6      | Reached skill level 5 in Dodging
  6425 | D:7      | Found a sacrificial altar of Ru.
  6504 | D:7      | Reached XP level 9. HP: 82/82 MP: 8/8
  6766 | D:8      | Found Negal's General Store.
  6776 | D:8      | Bought a scroll of fog for 26 gold pieces
  6829 | D:8      | Found a flagged portal.
  6848 | Bailey   | Entered a bailey
  6912 | Bailey   | Noticed an orc warlord
  6984 | Bailey   | Reached **** piety under Trog
  6985 | Bailey   | Noticed an orc knight
  7002 | Bailey   | Killed an orc knight
  7230 | Bailey   | Found a runed translucent gate.
  7230 | Bailey   | Found a runed translucent gate.
  7230 | Bailey   | Found a runed translucent gate.
  7435 | Bailey   | Killed an orc warlord
  7723 | D:8      | Reached skill level 10 in Axes
  7723 | D:8      | Reached XP level 10. HP: 46/86 MP: 9/9
  7732 | D:8      | Reached skill level 10 in Fighting
  7892 | D:8      | Noticed a two-headed ogre
  8063 | D:8      | Killed a two-headed ogre
  8243 | D:8      | Noticed a seven-headed hydra
  8257 | D:8      | Reached skill level 5 in Stealth
  8352 | D:8      | Noticed a two-headed ogre
  8357 | D:8      | Killed a two-headed ogre
  8932 | D:9      | Found a shimmering blue altar of Sif Muna.
  9720 | D:10     | Entered Level 10 of the Dungeon
  9738 | D:10     | Noticed Ijyb
  9974 | D:10     | Killed Ijyb
  9996 | D:10     | Reached XP level 11. HP: 48/102 MP: 10/10
 10354 | D:10     | Noticed a two-headed ogre
 10360 | D:10     | Killed a two-headed ogre
 11055 | D:10     | Found a stormy altar of Qazlal.
 11089 | D:10     | Found a staircase to the Lair.
 11147 | D:10     | Found a burning altar of Makhleb.
 11530 | D:11     | Reached ***** piety under Trog
 11589 | D:11     | Noticed Erolcha
 11589 | D:11     | Noticed Urug
 11598 | D:11     | Killed Urug
 11602 | D:11     | Killed Erolcha
 11667 | D:11     | Noticed a purple ugly thing
 11677 | D:11     | Killed a purple ugly thing
 12210 | D:12     | Noticed Gastronok
 12230 | D:12     | Killed Gastronok
 12231 | D:12     | Reached XP level 12. HP: 94/115 MP: 11/11
 13455 | D:12     | Found a staircase to the Orcish Mines.
 13581 | D:12     | Noticed Snorg
 13598 | D:12     | Slain by Snorg

Illustrated notes

Levels and vault maps discovered:
D:1:      saegor_arrival_simple_d, layout_basic,
          shapermc_ecumenical_altar_ellora, serial_bayou_ford_a, corner_web_ring
D:2:      layout_basic
D:3:      layout_loops_ring, kennysheep_ying_yang, okawaru_metal_pillars_3
D:4:      layout_cave_pools, lemuel_mausoleum_altar_kikubaaqudgha, temple_hall
D:5:      nicolae_BIG_FREAKIN_CUBE, layout_basic,
          nicolae_overflow_crystal_walls, uniq_crazy_yiuf_cottage
D:6:      layout_loops_ring, grunt_temple_overflow_open, serial_shops,
          nicolae_square_shop, chequers_serial_rivers_micro_b, uniq_maggie
D:7:      layout_cave_pools, mainiacjoe_overflow_paths
D:8:      layout_basic, kennysheep_little_box, enter_bailey_2, serial_shops,
          shop
D:9:      layout_irregular_city, mainiacjoe_overflow_alcove_4,
          small_chamber_with_monster
D:10:     erik_cavepeople, layout_basic, lightli_temple_of_fire,
          mainiacjoe_overflow_cross_hatched
D:11:     layout_cave_pools, uniq_erolcha, uniq_urug
D:12:     layout_grid_maze, orc_0_dummy, uniq_snorg, uniq_gastronok
Temple:   compressed_dpeg_circular_temple

Skill      XL: |  1  2  3  4  5  6  7  8  9 10 11 12 |
---------------+-------------------------------------+-----
Fighting       | 4 5 6 7 8 9 11 13 | 13.4
Axes           | 4 5 6 7 8 10 11 13 | 13.5
Stealth        | 1 2 3 4 5 6 7 |  7.0
Armour         | 3 4 5 6 8 9 |  9.6
Dodging        | 3 4 5 6 7 8 |  8.9

Action                   |  1- 3 |  4- 6 |  7- 9 | 10-12 || total
-------------------------+-------+-------+-------+-------++-------
Melee: Hand axe          |    74 |    10 |       |       ||    84
       Headbutt          |    13 |    18 |    46 |    75 ||   152
       War axe           |       |    82 |   170 |   383 ||   635
       Punch             |       |       |     2 |     4 ||     6
Invok: Berserk           |       |       |     5 |     5 ||    10
       Trog's Hand       |       |       |     3 |     2 ||     5
  Use: Scroll            |       |       |     9 |     2 ||    11
       Potion            |       |       |       |     3 ||     3
 Stab: Sleeping          |     2 |     2 |     5 |       ||     9
Armor: Animal skin       |    15 |    17 |    20 |       ||    52
       Plate armour      |       |       |    57 |   274 ||   331
Dodge: Dodged            |    54 |    66 |   119 |   206 ||   445
